 Dungeon Crawl Stone Soup version 0.22-a0-515-g75794bf (webtiles) character file.

1 Amnesiac the Ducker (level 1, -5/11 HPs)
             Began as a Spriggan Monk on June 19, 2018.
             Slain by a kobold
             ... wielding a +0 short sword
              (7 damage)
             ... on level 1 of the Dungeon.
             The game lasted 00:00:08 (42 turns).

Amnesiac the Ducker (Spriggan Monk)                   Turns: 42, Time: 00:00:09

Health: -5/11      AC:  2    Str:  7    XL:     1   Next: 16%
Magic:  2/2        EV: 20    Int: 11    God:
Gold:   0          SH:  0    Dex: 18    Spells: 0/0 levels left

rFire    . . .     SeeInvis +   a - +0 short sword
rCold    . . .     Gourm    .   (shield restricted)
rNeg     . . .     Faith    .   b - +0 robe
rPois    .         Spirit   .   (helmet restricted)
rElec    .         Reflect  .   (no cloak)
rCorr    .         Harm     .   (gloves unavailable)
MR       .....                  (boots unavailable)
Stlth    +++.......             (no amulet)
HPRegen  0.03/turn              (no ring)
MPRegen  0.08/turn              (no ring)

@: very quick
A: very small, unfitting armour, see invisible, herbivore, speed 3, slow
metabolism 2
a: no special abilities


You were on level 1 of the Dungeon.
You were not hungry.

You visited 1 branch of the dungeon, and saw 1 of its levels.

Inventory:

Hand Weapons
 a - a +0 short sword (weapon)
Armour
 b - a +0 robe (worn)
Scrolls
 d - a scroll of magic mapping {!r, unknown}
Potions
 e - a potion of curing {!q, unknown}
Comestibles
 c - 2 rations


   Skills:
 - Level 2.4 Fighting
 - Level 3.2 Short Blades
 - Level 4.4 Dodging
 + Level 3.2 Stealth


You couldn't memorise any spells.
You didn't know any spells.
Your spell library was empty.

Dungeon Overview and Level Annotations

Branches:
Dungeon (1/15)

Altars:


Innate Abilities, Weirdness & Mutations

You are very small and have problems with some larger weapons.
You are too small for most types of armour.
You have supernaturally acute eyesight. (SInv)
You are a herbivore.
You cover ground extremely quickly.
You need to consume almost no food.


Message History

Welcome, Amnesiac the Spriggan Monk.
The bosom of this dungeon contains the fabled artefact, the Orb of Zot.
Press ? for a list of commands and other information.
Found a ration.
Found a staircase leading out of the dungeon.
c - 2 rations (gained 1)
You open the large door.
There is a large open door here.
d - a scroll labeled RAYMNE ID MUI {!r}
e - a coppery potion {!q} A hobgoblin comes into view.
You see here 5 gold pieces.
A kobold comes into view. It is wielding a short sword.
The kobold shouts!
The hobgoblin shouts!
The kobold throws a stone.
The stone completely misses you.
You see here a stone.
You closely miss the hobgoblin.
The kobold throws a stone.
The stone hits you. The hobgoblin barely misses you.
You hit the hobgoblin.
The hobgoblin is moderately wounded.
The kobold throws a stone.
The stone barely misses you. The hobgoblin barely misses you.
You closely miss the hobgoblin.
The hobgoblin is moderately wounded.
The hobgoblin misses you.
The kobold throws a stone.
The stone closely misses you.
You hit the hobgoblin.
The hobgoblin is severely wounded.
The hobgoblin hits you.
You hit the hobgoblin but do no damage.
The hobgoblin is severely wounded.
You barely miss the hobgoblin.
The hobgoblin is severely wounded.
The hobgoblin misses you.
You hit the hobgoblin.
The hobgoblin is almost dead.
A rat comes into view.
The hobgoblin hits you.
* * * LOW HITPOINT WARNING * * *
You closely miss the hobgoblin.
The hobgoblin is almost dead.
The hobgoblin hits you.
* * * LOW HITPOINT WARNING * * *
You hit the hobgoblin.
You kill the hobgoblin!
The kobold hits you with a short sword!
Ouch! That really hurt!
You die...

..# ..# ..# ..#
..# ..# #
#######K.# .
#....$@r.#
#.##.######.#
#.#...## #
#..#.#.####.
#...........
#####.#.#.#####
#...........#
#.#####.###.#
##### #.###.#


You could see a kobold and a rat.

Vanquished Creatures
  A hobgoblin (D:1)
1 creature vanquished.

Notes
Turn   | Place    | Note
-------+----------+-------------------------------------------
     0 | D:1      | Amnesiac the Spriggan Monk began the quest for the Orb.
     0 | D:1      | Reached XP level 1. HP: 11/11 MP: 2/2
    42 | D:1      | Slain by a kobold

Vault maps used:
D:1:      lightli_molten_gateway, evilmike_ruin_ashenzari

Action                   || total
-------------------------++-------
Melee: Short sword       ||     9
Dodge: Dodged            ||     7

Table legend:
 A = Spawn XP
 B = Non-spawn XP
 C = Spawn XP percentage of total XP
 D = Spawn monster count
 E = Non-spawn monster count
 F = Spawn count percentage of total count
 G = Total turns spent on level
                    A         B        C        D         E        F      G
               +---------+---------+-------+---------+---------+-------+---------
         Total |       0 |       2 |   0.0 |       0 |       1 |   0.0 |    42
               +---------+---------+-------+---------+---------+-------+---------
           D:1 |       0 |       2 |   0.0 |       0 |       1 |   0.0 |    42
               +---------+---------+-------+---------+---------+-------+---------
